 Dungeon Crawl Stone Soup version 0.31-a0-750-gfe7b580527 (webtiles) character file.

Game seed: 14721549369740567550

1232 Aneyh the Trooper (level 8, -2/53 HPs)
             Began as a Tengu Monk on Sept 14, 2023.
             Shot with an arrow by a centaur (6 damage)
             ... on level 6 of the Dungeon.
             The game lasted 00:10:13 (5512 turns).

Aneyh the Trooper (Tengu Monk)                      Turns: 5512, Time: 00:10:14

Health: -2/53      AC:  7    Str: 11    XL:     8   Next: 48%
Magic:  18/18      EV: 18    Int: 10    God:
Gold:   271        SH:  0    Dex: 16    Spells: 7/7 levels left

rFire   . . .        a - +3 short sword "Impbane" {pain, Will++ MP+9 Str-4}
rCold   . . .        (no shield)
rNeg    + + .        l - +2 robe {rN+}
rPois   +            (helmet restricted)
rElec   .            C - scarf {+Inv}
rCorr   .            H - +0 pair of gloves
SInv    .            (boots unavailable)
Will    ++...        (no amulet)
Stlth   +++          f - ring of poison resistance
HPRegen 0.28/turn    i - ring of positive energy
MPRegen 0.16/turn

%: acrobat, clarity
@: about to teleport, flying
A: beak, talons 3, evasive flight, acrobatic, iridescent scales 1, clarity,
MP-powered wands
a: Evoke Invisibility


You were on level 6 of the Dungeon.
You visited 1 branch of the dungeon, and saw 6 of its levels.

You collected 271 gold pieces.

Inventory:

Hand Weapons
 a - the +3 short sword "Impbane" (weapon) {pain, Will++ MP+9 Str-4}
   (You found it on level 3 of the Dungeon)

   Str-4:     It affects your strength (-4).
   Will++:    It greatly increases your willpower.
   MP+9:      It affects your magic capacity (+9).
 b - a +0 shortbow
 A - a +0 war axe
 B - a +0 trident
 D - a +0 spear
Missiles
 w - 4 darts of dispersal
 y - 6 poisoned darts (quivered)
Armour
 d - an orb of light
 l - a +2 robe of positive energy (worn)
 t - a +4 chain mail of fire resistance
 z - a +0 pair of gloves
 C - a scarf of invisibility (worn)
 H - a +0 pair of gloves (worn)
Jewellery
 f - a ring of poison resistance (left hand)
 i - a ring of positive energy (right hand)
Wands
 E - a wand of quicksilver (13)
Scrolls
 c - a scroll of enchant armour {unknown}
 g - 3 scrolls of teleportation
 k - 3 scrolls of identify
 m - 2 scrolls of enchant weapon {unknown}
 o - a scroll of brand weapon {unknown}
 p - a scroll of blinking {unknown}
 q - a scroll of fear {unknown}
 u - a scroll of poison {unknown}
Potions
 e - a potion of might {unknown}
 h - a potion of mutation
 j - 2 potions of attraction {unknown}
 n - 2 potions of enlightenment {unknown}
 r - 3 potions of heal wounds {unknown}
 s - a potion of curing {unknown}
 v - a potion of berserk rage {unknown}
 x - a potion of degeneration {unknown}
 F - 2 potions of magic {unknown}
 G - 2 potions of haste {unknown}


   Skills:
 + Level 7.2 Fighting
 - Level 4.0 Short Blades
 - Level 4.8 Polearms
 - Level 0.6 Throwing
 - Level 5.0 Dodging
 - Level 4.0 Stealth


You had 7 spell levels left.
You didn't know any spells.
Your spell library contained the following spells:

 Spells                   Type           Power      Damage    Failure   Level
 Blink                    Tloc           0%         N/A       50%         2
 Lesser Beckoning         Tloc           0%         N/A       50%         2
 Momentum Strike          Conj/Tloc      0%         3d8       50%         2
 Tukima's Dance           Hex            0%         N/A       75%         3
 Dimensional Bullseye     Hex/Tloc       0%         N/A       98%         4
 Iskenderun's Mystic Bla  Conj/Tloc      0%         2d3       98%         4
 Olgreb's Toxic Radiance  Pois           0%         N/A       98%         4
 Discord                  Hex            0%         N/A       100%        8
 Ignition                 Fire           0%         3d3       100%        8


Dungeon Overview and Level Annotations

Branches:
Dungeon (6/15)
 Temple: D:4-7

Altars:
Cheibriados
Makhleb
Nemelex Xobeh
Okawaru

Shops:
D:5 (


Innate Abilities, Weirdness & Mutations

You have a beak for a mouth.
You have claws for feet.
Your magical flight helps you evade attacks. (EV +4)
You can magically evade attacks while moving or waiting.
You are partially covered in iridescent scales. (AC +2)
You possess an exceptional clarity of mind.
You expend magic power (3 MP) to strengthen your wands.


Message History

The arrow barely misses you.
The centaur shoots an arrow.
The arrow hits you!
The centaur shoots an arrow.
The arrow closely misses you.
A centaur comes into view.
The centaur shouts!
A centaur comes into view.
The centaur shoots an arrow.
The arrow hits you.
The centaur wields a +0 shortbow.
The centaur shoots an arrow.
The arrow misses you.
The centaur wields a +0 orcbow.
The centaur shoots an arrow.
The arrow completely misses you.
The centaur shoots an arrow.
The arrow completely misses you.
The centaur shoots an arrow.
The arrow barely misses you.
The centaur shoots an arrow.
The arrow completely misses you.
The centaur shouts!
Okay, then.
As you read the scroll labelled JANLIBL SYXOE, it crumbles to dust.
It is a scroll of identify.
g - 4 scrolls of teleportation The centaur shoots an arrow.
The arrow hits you.
The centaur shoots an arrow.
The arrow completely misses you.
The centaur shoots an arrow.
The arrow barely misses you.
The centaur shoots an arrow.
The arrow completely misses you.
The centaur shoots an arrow.
The arrow hits you!
* * * LOW HITPOINT WARNING * * *
As you read the scroll of teleportation, it crumbles to dust.
You feel strangely unstable.
The centaur shoots an arrow.
The arrow misses you.
The centaur shoots an arrow.
The arrow closely misses you.
The centaur shoots an arrow.
The arrow hits you.
* * * LOW HITPOINT WARNING * * *
The centaur shoots an arrow.
The arrow misses you.
The centaur shoots an arrow.
The arrow hits you.
* * * LOW HITPOINT WARNING * * *
It was a potion of mutation.
You feel extremely strange.
You feel your magical essence link to the dungeon's wands.
Iridescent scales grow over part of your body.
Your thoughts seem clearer.
The centaur shoots an arrow.
The arrow barely misses you.
The centaur shoots an arrow.
The arrow hits you.
* * * LOW HITPOINT WARNING * * *
The centaur shoots an arrow.
The arrow hits you.
You die...

O#c####≈≈≈≈≈≈≈≈≈≈..
.....≈≈≈
.......≈≈≈≈≈≈≈≈≈≈c.#
........≈≈≈≈≈≈≈≈≈c.#
.#.#####≈≈≈≈≈≈≈≈≈cc#
# ##≈≈≈≈≈≈≈≈≈c#
###≈≈≈≈≈≈≈.#
#.≈≈≈≈≈≈c##
#.##≈≈≈≈≈..
#..@.≈≈≈≈≈≈
####...≈≈≈≈ ##..#.#
#.... ###


You could see 6 centaurs.

Vanquished Creatures
  An ice beast (D:6)
  A black bear (D:5)
  3 ogres
  A centaur (D:5)
  A phantom (D:4)
  A scorpion (D:4)
  A howler monkey (D:5)
  An orc priest (D:4)
  A hound (D:5)
  A jelly (D:5)
  A sleepcap (D:5)
  3 orc wizards (D:4)
  3 iguanas
  13 adders
  3 gnolls (D:1)
  A white imp (D:5)
  3 ufetubi
  A worm (D:5)
  3 dart slugs
  12 orcs
  7 endoplasms
  2 giant cockroaches
  6 goblins
  5 hobgoblins
  5 jackals
  2 quokkas
  4 ball pythons
  3 bats
  5 frilled lizards
  11 kobolds
  4 rats
109 creatures vanquished.

Notes
Turn   | Place    | Note
-------+----------+-------------------------------------------
     0 | D:1      | Aneyh the Tengu Monk began the quest for the Orb.
     0 | D:1      | Reached XP level 1. HP: 14/14 MP: 2/2
   242 | D:1      | Reached XP level 2. HP: 19/19 MP: 3/3
   507 | D:1      | Found a faded altar of an unknown god.
   995 | D:2      | Reached XP level 3. HP: 23/23 MP: 4/4
  1207 | D:1      | Reached XP level 4. HP: 16/29 MP: 5/5
  1843 | D:3      | Found a snail-covered altar of Cheibriados.
  2005 | D:3      | Identified the +3 short sword "Impbane" {pain, Will++ MP+9
                  | Str-4}
  2271 | D:3      | Reached skill level 1 in Stealth
  2744 | D:3      | Reached XP level 5. HP: 28/33 MP: 6/6
  3062 | D:4      | Noticed an ogre
  3070 | D:4      | Killed an ogre
  3071 | D:4      | Reached skill level 4 in Fighting
  3071 | D:4      | Reached skill level 1 in Short Blades
  3180 | D:4      | Noticed a phantom
  3196 | D:4      | Killed a phantom
  3197 | D:4      | Reached XP level 6. HP: 31/38 MP: 7/7
  3750 | D:4      | Gained mutation: Your magical flight helps you evade
                  | attacks. (EV +4) [Tengu growth]
  3750 | D:4      | Reached XP level 7. HP: 43/43 MP: 8/8
  3967 | D:5      | Entered Level 5 of the Dungeon
  4203 | D:5      | Reached skill level 5 in Dodging
  4283 | D:5      | Found Hutifyir's Weapon Shoppe.
  4435 | D:5      | Reached skill level 5 in Fighting
  4458 | D:4      | Reached XP level 8. HP: 29/51 MP: 9/9
  4546 | D:4      | Reached skill level 6 in Fighting
  5409 | D:6      | Reached skill level 7 in Fighting
  5449 | D:6      | Found a faded altar of an unknown god.
  5449 | D:6      | Found a sparkling altar of Nemelex Xobeh.
  5456 | D:6      | Found a burning altar of Makhleb.
  5458 | D:6      | Found an iron altar of Okawaru.
  5459 | D:6      | Found a faded altar of an unknown god.
  5512 | D:6      | Gained mutation: You expend magic power (3 MP) to
                  | strengthen your wands. [potion of mutation]
  5512 | D:6      | Gained mutation: You are partially covered in iridescent
                  | scales. (AC +2) [potion of mutation]
  5512 | D:6      | Gained mutation: You possess an exceptional clarity of
                  | mind. [potion of mutation]
  5512 | D:6      | Shot with an arrow by a centaur

Illustrated notes

Levels and vault maps discovered:
D:1:      dpeg_arrival_more_subterranean_lakeside_camping, layout_loops_cross,
          shapermc_ecumenical_altar_mp_vishouse
D:2:      layout_rooms, serial_bayou, serial_bayou_shore_b, serial_bayou_pond_d,
          serial_bayou_shore_a, serial_bayou_shore_b
D:3:      layout_basic, lemuel_crystal_altar, minmay_hedge_maze,
          minmay_checkerbox
D:4:      layout_loops_cross
D:5:      cheibrodos_barr_body, layout_cave_pools, serial_shops,
          nicolae_shop_trees, roderic_roman_lattice, grunt_ministairs_5
D:6:      layout_loops_ring, chequers_temple_overflow_minitemple,
          minmay_temple_entry_mini_moons, nicolae_ossuary_entry_monument,
          centaur_isle

Skill      XL: |  1  2  3  4  5  6  7  8 |
---------------+-------------------------+-----
Polearms       | 4 |  4.8
Stealth        | 1 2 3 4 |  4.0
Dodging        | 4 5 |  5.0
Fighting       | 4 5 7 |  7.2
Short Blades   | 1 2 4 |  4.0
Throwing       | |  0.6

Action                     |  1- 3 |  4- 6 |  7- 9 || total
---------------------------+-------+-------+-------++-------
  Melee: Spear             |    71 |    15 |       ||    86
         Kick              |    21 |    36 |    56 ||   113
         Peck              |    11 |    15 |    30 ||    56
         Punch             |     1 |     1 |     1 ||     3
         Short sword       |       |   119 |   146 ||   265
   Fire: Shortbow          |       |       |    17 ||    17
  Throw: Throwing net      |       |     3 |       ||     3
         Dart              |       |     1 |     1 ||     2
    Use: Potion            |     1 |       |     1 ||     2
         Scroll            |       |       |     2 ||     2
   Stab: Sleeping          |     2 |     8 |     2 ||    12
         Held in net/web   |       |     1 |       ||     1
 Armour: Robe              |    22 |    57 |    64 ||   143
  Dodge: Dodged            |    27 |    90 |   141 ||   258

Table legend: (Time is in decaauts)
 A = Elapsed time spent in this place.
 B = Non-inter-level travel time spent in this place.
 C = Inter-level travel time spent in this place.
 D = Time resting spent in this place.
 E = Time spent auto-exploring this place.
 F = Levels seen in this place.
 G = Mean time per level.
                   A        B        C        D        E       F      G
               +--------+--------+--------+--------+--------+-----+--------+
         Total |   5502 |   5267 |    235 |    631 |   3496 |   6 |  917.0 |
       Dungeon |   5502 |   5267 |    235 |    631 |   3496 |   6 |  917.0 |
               +--------+--------+--------+--------+--------+-----+--------+

Top non-repeatable levels by time:
     D:3: 1416 daAuts
     D:5: 1158 daAuts
     D:1: 1055 daAuts
     D:4: 1013 daAuts
     D:2: 718 daAuts
     D:6: 140 daAuts
